[Event "Titled Tuesday Blitz March 21 Early 2023"]
[White "Fajdetic, Hrvoje"]
[Black "Gonzalez, Francisco Silva"]
[WhiteFideId "14501945"]
[BlackFideId "1512285"]
[WhiteElo "2185"]
[BlackElo "2074"]
[Result "0-1"]
[Round "08"]
[TimeControl "180+2"]
[Date "2023.03.21"]
[WhiteClock "0:00:03"]
[BlackClock "0:01:01"]

1. f4 d5 2. Nf3 c6 3. e3 a5 4. a4 Qb6 5. d4 Bg4 6. Be2 Bxf3 7. Bxf3 e6 8. O-O f5 9. Nd2 Nf6 10. c3 h5 11. b3 c5 12. Ba3 Nc6 13. c4 cxd4 14. Bxf8 dxe3 15. c5 Qb4 16. Bxg7 Qd4 17. Bxf6 Qxf6 18. Bxh5+ Ke7 19. Be2 exd2 20. Qxd2 Qd4+ 21. Qxd4 Nxd4 22. Bd1 Rac8 23. Rc1 b6 24. c6 Kd6 25. Rf2 Rc7 26. Rd2 Rxc6 27. Rxc6+ Nxc6 28. Bf3 Nb4 29. g3 Rc8 30. Kg2 Rc3 31. h4 Rxb3 32. h5 Rd3 33. Rxd3 Nxd3 34. h6 e5 35. h7 e4 36. h8=Q Ne1+ 37. Kf2 Nxf3 38. Qf6+ Kc5 39. Qxf5 Nd4 40. Qc8+ Kb4 41. g4 b5 42. Qb7 Kxa4 43. Qxd5 e3+ 44. Kxe3 Nc2+ 45. Kd2 Nb4 46. Qe4 Kb3 47. Kc1 Na2+ 48. Kb1 Nc3+ 49. Ka1 Nxe4 50. g5 Kc2 51. g6 b4 52. g7 Nf6 53. Ka2 a4 54. f5 b3+ 55. Ka3 b2 56. g8=Q Nxg8 0-1


[Site "https://www.chess.com"]

[Event "Titled Tuesday Blitz March 21 Early 2023"]
[White "Ruge, Edison"]
[Black "Dinu, Dumitru-Daniel"]
[WhiteFideId "4401000"]
[BlackFideId "1208403"]
[WhiteElo "2175"]
[BlackElo "2240"]
[Result "1-0"]
[Round "08"]
[TimeControl "180+2"]
[Date "2023.03.21"]
[WhiteClock "0:00:24"]
[BlackClock "0:00:03"]

1. e4 c5 2. Nf3 e6 3. d3 Nc6 4. Nbd2 g6 5. g3 Bg7 6. Bg2 Nge7 7. h4 h5 8. O-O O-O 9. c3 d5 10. Re1 b6 11. e5 Ba6 12. Nf1 Rc8 13. Bf4 b5 14. Qd2 b4 15. Rad1 bxc3 16. bxc3 d4 17. c4 Qa5 18. Qxa5 Nxa5 19. Rb1 Rb8 20. N1d2 Nec6 21. a3 Rfd8 22. Ne4 Bf8 23. Bg5 Rdc8 24. Nf6+ Kg7 25. Nd7 Rb3 26. Rxb3 Nxb3 27. Rb1 Nca5 28. Bf6+ Kg8 29. Ng5 Rc7 30. Nxf8 Kxf8 31. Ne4 Bb7 32. Bd8 Bxe4 33. Bxe4 Rc8 34. Bg5 Nd2 35. Bxd2 Nc6 36. Bxc6 Rxc6 37. a4 Ra6 38. a5 Kg7 39. Rb7 g5 40. hxg5 Kg6 41. Kg2 Kf5 42. f4 Kg4 43. Rxf7 Rc6 44. g6 Rc8 45. g7 Rb8 46. a6 Rg8 47. Rxa7 h4 48. gxh4 Kf5 49. Rf7+ Kg4 50. a7 Kh5 51. f5 Rxg7+ 52. Rxg7 exf5 53. a8=Q f4 54. Qh8# 1-0


[Site "https://www.chess.com"]

[Event "Titled Tuesday Blitz March 21 Early 2023"]
[White "Ciuffoletti, Paolo"]
[Black "Escanor89"]
[WhiteFideId "807630"]
[WhiteElo "2143"]
[BlackElo "2414"]
[Result "0-1"]
[Round "08"]
[TimeControl "180+2"]
[Date "2023.03.21"]
[WhiteClock "0:00:07"]
[BlackClock "0:01:09"]

1. e4 c5 2. d4 cxd4 3. c3 dxc3 4. Nxc3 Nc6 5. Nf3 d6 6. Bc4 a6 7. O-O Nf6 8. h3 e6 9. Qe2 Be7 10. Rd1 Bd7 11. Bf4 Qb8 12. e5 dxe5 13. Nxe5 Nxe5 14. Bxe5 Qc8 15. Rac1 Bc6 16. Bd3 O-O 17. Ne4 Nxe4 18. Bxe4 Rd8 19. Rxd8+ Qxd8 20. Bxc6 bxc6 21. Rxc6 Qd5 22. Rc7 Bd8 0-1


[Site "https://www.chess.com"]

[Event "Titled Tuesday Blitz March 21 Early 2023"]
[White "Jaivardhan Raj"]
[Black "Topalov, Aleksandar"]
[WhiteFideId "25744437"]
[BlackFideId "925659"]
[WhiteElo "1772"]
[BlackElo "2151"]
[Result "0-1"]
[Round "08"]
[TimeControl "180+2"]
[Date "2023.03.21"]
[WhiteClock "0:00:02"]
[BlackClock "0:00:11"]

1. e4 e6 2. d4 d5 3. Nd2 Nf6 4. e5 Ng8 5. Bd3 Ne7 6. c3 Qd7 7. Ne2 b6 8. f4 h5 9. O-O g6 10. Nf3 Ba6 11. Bc2 c5 12. dxc5 bxc5 13. Re1 Nbc6 14. Ba4 Nf5 15. Ng3 Nxg3 16. hxg3 Be7 17. b3 Kf8 18. Bd2 Qb7 19. Qc2 Bd8 20. b4 cxb4 21. cxb4 Nxb4 22. Qb3 Nd3 23. Qxb7 Bxb7 24. Reb1 Ba6 25. Bc2 Bb6+ 26. Kh2 Nf2 27. Bb4+ Kg7 28. Bd6 Rac8 29. Ba4 Ne4 30. Bb4 Nc3 31. Bxc3 Rxc3 32. Rc1 Rhc8 33. Rxc3 Rxc3 34. Rb1 Bd3 35. Rb3 Rxb3 36. Bxb3 Kf8 37. Nd2 Ke7 38. a4 Kd7 39. Nf3 Be2 40. Ng5 Ke7 41. Nh7 d4 42. Nf6 d3 43. Ne4 Be3 44. Nc3 Bg4 45. Bc4 d2 46. Bb3 Bd4 47. Nd1 Kd7 48. Bc2 Kc7 49. Kh1 Kc6 50. Kh2 Kc5 51. Kh1 Kb4 52. Kh2 Ka3 53. Kh1 Bxd1 54. Bxd1 Kb2 55. Be2 Kc1 56. Kh2 d1=Q 57. Bf1 Qd2 58. a5 Qf2 0-1


[Site "https://www.chess.com"]

[Event "Titled Tuesday Blitz March 21 Early 2023"]
[White "salgadoLO"]
[Black "Blomqvist, Erik"]
[BlackFideId "1709437"]
[WhiteElo "2197"]
[BlackElo "2436"]
[Result "0-1"]
[Round "08"]
[TimeControl "180+2"]
[Date "2023.03.21"]
[WhiteClock "0:00:01"]
[BlackClock "0:00:05"]

1. d4 d5 2. c4 c6 3. Nf3 Nf6 4. e3 Bf5 5. Nc3 e6 6. Nh4 Be4 7. f3 Bg6 8. Nxg6 hxg6 9. g3 Nbd7 10. cxd5 cxd5 11. Bg2 Bd6 12. O-O a6 13. e4 Be7 14. exd5 Nxd5 15. Nxd5 exd5 16. Re1 O-O 17. Qb3 Nb6 18. Bd2 Nc4 19. Bf4 b5 20. Re2 Bf6 21. Be5 Bxe5 22. dxe5 Qb6+ 23. Kh1 Rad8 24. Rd1 d4 25. f4 Rd7 26. Qd3 Qe6 27. b3 Nb6 28. h4 Rc8 29. Qe4 Rc3 30. Kh2 Qg4 31. Rd3 Rdc7 32. Bh3 Qh5 33. e6 f5 34. e7 fxe4 35. e8=Q+ Kh7 36. Qxe4 Rxd3 37. Qxd3 Rc3 38. Qe4 Nd5 39. f5 Nf6 40. fxg6+ Kh6 41. Qf4+ Kxg6 0-1


[Site "https://www.chess.com"]

[Event "Titled Tuesday Blitz March 21 Early 2023"]
[White "Shuvalov, Evgenij"]
[Black "Martinez, Shawn"]
[WhiteFideId "4187237"]
[BlackFideId "2039770"]
[WhiteElo "2080"]
[BlackElo "2174"]
[Result "1-0"]
[Round "08"]
[TimeControl "180+2"]
[Date "2023.03.21"]
[WhiteClock "0:00:20"]
[BlackClock "0:00:08"]

1. d4 Nf6 2. c4 g6 3. Nc3 Bg7 4. e4 d6 5. Nf3 O-O 6. Be2 Bg4 7. Be3 Nc6 8. Ng1 Bxe2 9. Ngxe2 e5 10. d5 Ne7 11. f3 Nd7 12. O-O f5 13. b4 f4 14. Bf2 g5 15. Nc1 h5 16. Nd3 Rf6 17. c5 Rg6 18. Rc1 g4 19. Bh4 Qe8 20. Nb5 Rc8 21. Nxa7 Ra8 22. Nb5 gxf3 23. Qxf3 Rxa2 24. Rf2 Rxf2 25. Nxf2 dxc5 26. Nxc7 Qf7 27. bxc5 Nf6 28. Ne6 Ng4 29. Nxg4 hxg4 30. Qb3 g3 31. h3 f3 32. Qxf3 Bh6 33. Qxf7+ Kxf7 34. Rc3 Bf4 35. Rf3 Rxe6 36. dxe6+ Kxe6 37. Bxg3 Bg5 38. Bf2 Nc6 39. h4 Bf4 40. g3 Bc1 41. Rb3 Nd8 42. Kg2 Bh6 43. Kf3 Bf8 44. g4 Kd7 45. g5 Kc6 46. h5 Ne6 47. Kg4 Bxc5 48. Bxc5 Nxc5 49. Rc3 b5 50. h6 b4 51. Rc1 Kd6 52. h7 Nd3 53. Rd1 1-0


[Site "https://www.chess.com"]

[Event "Titled Tuesday Blitz March 21 Early 2023"]
[White "Zaichenko, Daria"]
[Black "Kozin, Yuri"]
[WhiteFideId "4197453"]
[BlackFideId "4129920"]
[WhiteElo "2039"]
[BlackElo "2509"]
[Result "0-1"]
[Round "08"]
[TimeControl "180+2"]
[Date "2023.03.21"]
[WhiteClock "0:00:01"]
[BlackClock "0:00:12"]

1. e4 c5 2. Nf3 e6 3. d4 cxd4 4. Nxd4 Nf6 5. Nc3 d6 6. Bg5 Be7 7. Ndb5 a6 8. Bxf6 gxf6 9. Nd4 Qc7 10. Bd3 Bd7 11. O-O Nc6 12. Be2 Rg8 13. a4 Qb6 14. Nb3 Ne5 15. a5 Qa7 16. Qd4 Qxd4 17. Nxd4 Rc8 18. f4 Nc4 19. Na4 Ne3 20. Rf2 Nxc2 21. Nxc2 Rxc2 22. Nb6 Rxb2 23. e5 dxe5 24. Nxd7 Kxd7 25. Rd1+ Kc7 26. Rc1+ Kb8 27. fxe5 f5 28. Bf3 Rb5 29. Rfc2 Bg5 30. Rd1 Rd8 31. Rxd8+ Bxd8 32. Rd2 Kc8 33. Rc2+ Bc7 34. Kf1 Rxa5 35. Rc4 Rxe5 36. Rh4 f6 37. Rxh7 Re3 38. Rh8+ Kd7 39. Bxb7 a5 40. Ra8 Ra3 41. Ke2 Bxh2 42. Ra7 Bc7 0-1


[Site "https://www.chess.com"]

[Event "Titled Tuesday Blitz March 21 Early 2023"]
[White "Biriukov, Ilja"]
[Black "Bethke, Richard"]
[WhiteFideId "4113373"]
[BlackFideId "12959243"]
[WhiteElo "2426"]
[BlackElo "2369"]
[Result "0-1"]
[Round "08"]
[TimeControl "180+2"]
[Date "2023.03.21"]
[WhiteClock "0:00:02"]
[BlackClock "0:00:28"]

1. c4 Nf6 2. Nc3 e6 3. Nf3 Bb4 4. g3 b6 5. Bg2 Bb7 6. O-O O-O 7. d3 Bxc3 8. bxc3 d6 9. Qc2 Nbd7 10. e4 Re8 11. Re1 h6 12. h3 a5 13. Be3 Qe7 14. Rab1 d5 15. exd5 exd5 16. Bxb6 Qd6 17. Bd4 Ba6 18. cxd5 Nxd5 19. Nd2 c5 20. Be3 Nxe3 21. Rxe3 Rxe3 22. fxe3 Bxd3 23. Qc1 Re8 24. Rb7 Qxg3 25. Rxd7 Rxe3 26. Rxd3 Rxd3 27. Nf1 Qg6 28. Qc2 Rg3 29. Qxg6 fxg6 30. c4 Ra3 0-1


[Site "https://www.chess.com"]

[Event "Titled Tuesday Blitz March 21 Early 2023"]
[White "Sarkar, Justin"]
[Black "Nguyen Hong Nhung"]
[WhiteFideId "2010011"]
[BlackFideId "12412201"]
[WhiteElo "2189"]
[BlackElo "1904"]
[Result "1-0"]
[Round "08"]
[TimeControl "180+2"]
[Date "2023.03.21"]
[WhiteClock "0:00:06"]
[BlackClock "0:00:09"]

1. e4 c5 2. Nf3 e6 3. d4 cxd4 4. Nxd4 Nf6 5. Nc3 Nc6 6. Ndb5 d6 7. Bf4 e5 8. Bg5 a6 9. Na3 b5 10. Nd5 Be7 11. Nxe7 Qxe7 12. c4 b4 13. Nc2 O-O 14. Bd3 a5 15. O-O Ba6 16. Ne3 Qe6 17. Nd5 Kh8 18. Bxf6 gxf6 19. Nc7 Qd7 20. Nxa8 Rxa8 21. c5 Bxd3 22. Qxd3 Nd4 23. cxd6 Qxd6 24. Rac1 Rd8 25. Rc4 Qe6 26. Rfc1 Qg4 27. f3 Qe6 28. b3 Kg7 29. Rc7 Qb6 30. Kh1 Nc6 31. Rd7 Nd4 32. Rxd8 Qxd8 33. f4 Qb6 34. Qg3+ Kf8 35. fxe5 fxe5 36. Qxe5 Ne6 37. Qf6 Qb7 38. h3 Ke8 39. Qh8+ Ke7 40. Qxh7 Qb6 41. Qh4+ Kd7 42. Rd1+ Ke8 43. Qf6 Qc6 44. e5 Qc2 45. Qh8+ Ke7 46. Qf6+ Ke8 47. Qh8+ Ke7 48. Qh4+ Ke8 49. Rf1 Qg6 50. Qh8+ Ke7 51. Qf6+ Qxf6 52. exf6+ Kd6 53. Rf5 Nc5 54. h4 a4 55. bxa4 Nxa4 56. Rb5 Nc3 57. Rxb4 Nxa2 58. Re4 Nc3 59. Re7 Nd5 60. Rxf7 Ke6 61. Rf8 Nf4 62. f7 Ke7 63. Rh8 Kxf7 64. g3 Ng6 65. Rh6 Ne5 66. Kg2 Kg7 67. Rh5 Ng4 68. Rg5+ Kh6 69. Rxg4 Kh5 70. Rg5+ Kh6 71. g4 Kh7 72. Kf3 Kh6 73. Kf4 Kh7 74. Kf5 Kh8 75. Kf6 Kh7 76. Kf7 Kh6 77. Rf5 Kh7 78. Rh5# 1-0


[Site "https://www.chess.com"]

[Event "Titled Tuesday Blitz March 21 Early 2023"]
[White "Manukian, Artak"]
[Black "Abrosimov, Vladimir"]
[WhiteFideId "13301373"]
[BlackFideId "4166892"]
[WhiteElo "2130"]
[BlackElo "2336"]
[Result "1/2-1/2"]
[Round "08"]
[TimeControl "180+2"]
[Date "2023.03.21"]
[WhiteClock "0:00:52"]
[BlackClock "0:00:12"]

1. e4 c5 2. Nf3 d6 3. Bb5+ Bd7 4. Bxd7+ Nxd7 5. c4 Ngf6 6. Nc3 g6 7. O-O Bg7 8. d3 O-O 9. Bg5 h6 10. Be3 a6 11. Qd2 Kh7 12. h3 e6 13. a4 Ng8 14. Nh2 f5 15. f4 e5 16. g4 fxe4 17. dxe4 exf4 18. Bxf4 Bd4+ 19. Kg2 Ne5 20. Bxe5 dxe5 21. Nd5 Nf6 22. Nxf6+ Rxf6 23. Rxf6 Qxf6 24. Rf1 Qe7 25. Nf3 Rf8 26. b3 Rf4 27. Qe2 Qf7 28. Nd2 g5 29. Rf3 Kg6 30. Nf1 Rxf3 31. Qxf3 Qf4 32. Ng3 Qd2+ 33. Ne2 Qe1 34. Qf5+ Kg7 35. Nxd4 exd4 36. Qd7+ Kg6 37. Qd6+ Kg7 38. Qe7+ Kg6 39. Qe8+ Kg7 40. Qd7+ Kg6 41. Qe6+ Kg7 42. Qd7+ 1/2-1/2


[Site "https://www.chess.com"]

[Event "Titled Tuesday Blitz March 21 Early 2023"]
[White "Kopczynski, Michal"]
[Black "victormago"]
[WhiteFideId "1124200"]
[WhiteElo "2212"]
[BlackElo "2255"]
[Result "1-0"]
[Round "08"]
[TimeControl "180+2"]
[Date "2023.03.21"]
[WhiteClock "0:01:49"]
[BlackClock "0:00:51"]

1. e4 c5 2. d4 cxd4 3. c3 dxc3 4. Nxc3 Nc6 5. f4 d6 6. Nf3 g6 7. Bc4 Bg7 8. O-O Nh6 9. Kh1 O-O 10. Qe1 Bg4 11. f5 gxf5 12. Qh4 Bxf3 13. gxf3 Ne5 14. Bxh6 Ng6 15. Qh5 Bxh6 16. Qxh6 e6 17. exf5 exf5 18. Nd5 Rc8 19. Bb3 b5 20. Rae1 a5 21. Rg1 Kh8 22. Nf4 Qf6 23. Bxf7 1-0


[Site "https://www.chess.com"]

[Event "Titled Tuesday Blitz March 21 Early 2023"]
[White "Hernandez Leon, Alberto"]
[Black "Gatterer, Florian"]
[WhiteFideId "2272555"]
[BlackFideId "811688"]
[WhiteElo "2239"]
[BlackElo "2221"]
[Result "1/2-1/2"]
[Round "08"]
[TimeControl "180+2"]
[Date "2023.03.21"]
[WhiteClock "0:00:07"]
[BlackClock "0:00:13"]

1. d4 d5 2. c4 c6 3. Nf3 Nf6 4. e3 Bf5 5. Nc3 e6 6. Nh4 Be4 7. f3 Bg6 8. Qb3 Qc7 9. Bd2 a5 10. Nxg6 hxg6 11. O-O-O a4 12. Nxa4 dxc4 13. Qb6 Bd6 14. Qxc7 Bxc7 15. Nc3 b5 16. h4 Nbd7 17. Kb1 Bg3 18. Be1 Nh5 19. Ne4 Bxe1 20. Rxe1 f5 21. Ng5 Ke7 22. Rh3 Nhf6 23. Be2 Nd5 24. e4 Nf4 25. Rh2 Kf6 26. Bf1 Rae8 27. g3 Nh5 28. Rg2 Rhf8 29. e5+ Ke7 30. f4 Nb6 31. Be2 Nd5 32. Bf3 Rd8 33. a3 Rd7 34. Kc2 Rfd8 35. Bxh5 gxh5 36. Rd2 g6 37. Nf3 Nb6 38. Red1 Nd5 39. Re1 Nb6 40. Red1 Nd5 41. Re1 1/2-1/2


[Site "https://www.chess.com"]

[Event "Titled Tuesday Blitz March 21 Early 2023"]
[White "Thiel, Thomas"]
[Black "Jimenez Jimenez, Leandro"]
[WhiteFideId "4615964"]
[BlackFideId "6415253"]
[WhiteElo "2242"]
[BlackElo "2263"]
[Result "0-1"]
[Round "08"]
[TimeControl "180+2"]
[Date "2023.03.21"]
[WhiteClock "0:01:16"]
[BlackClock "0:00:59"]

1. e4 c6 2. d4 d5 3. exd5 cxd5 4. c4 Nf6 5. Nc3 Nc6 6. Bg5 dxc4 7. Bxc4 h6 8. Bxf6 exf6 9. Nge2 Bd6 10. O-O O-O 11. Ne4 Bf5 12. Nxd6 Qxd6 13. a3 Rad8 14. d5 Ne5 15. Ba2 Ng4 16. g3 Rfe8 17. Nf4 g5 18. Nh5 Kh7 19. h3 Ne5 20. g4 Bg6 21. Ng3 Nd3 22. Qd2 Qb6 23. b4 Nf4 24. Kh2 Re5 25. Rfe1 Rde8 26. Rxe5 Rxe5 27. d6 Re2 0-1


[Site "https://www.chess.com"]

[Event "Titled Tuesday Blitz March 21 Early 2023"]
[White "Barria Santos, Jose Guilherme"]
[Black "Avazkhonov, Alikhon"]
[WhiteFideId "1939300"]
[BlackFideId "14208504"]
[WhiteElo "2301"]
[BlackElo "1739"]
[Result "0-1"]
[Round "08"]
[TimeControl "180+2"]
[Date "2023.03.21"]
[WhiteClock "0:00:31"]
[BlackClock "0:01:49"]

1. e4 c5 2. Nf3 d6 3. d4 cxd4 4. Nxd4 Nf6 5. Nc3 a6 6. Bg5 e6 7. f4 Be7 8. Qf3 h6 9. Bh4 Nbd7 10. O-O-O Qc7 11. Bf2 b5 12. Kb1 Bb7 13. Bd3 Nc5 14. Rhe1 b4 15. Nce2 Nfxe4 16. Bxe4 Bxe4 17. Qe3 e5 18. fxe5 dxe5 19. Bg3 exd4 20. Nxd4 Qb7 21. Nb3 Nxb3 22. axb3 f5 23. Bd6 O-O 24. Bxe7 Qxe7 25. Qf4 Qg5 26. Qc7 Rac8 0-1


[Site "https://www.chess.com"]

[Event "Titled Tuesday Blitz March 21 Early 2023"]
[White "Szyszylo, Rafal"]
[Black "monkins"]
[WhiteFideId "1109626"]
[WhiteElo "1951"]
[BlackElo "2238"]
[Result "1-0"]
[Round "08"]
[TimeControl "180+2"]
[Date "2023.03.21"]
[WhiteClock "0:00:19"]
[BlackClock "0:00:01"]

1. e4 c5 2. Ne2 g6 3. g3 Bg7 4. Bg2 e5 5. O-O Ne7 6. c3 d5 7. exd5 Nxd5 8. d4 cxd4 9. cxd4 exd4 10. Nxd4 O-O 11. Re1 Nc6 12. Nxc6 bxc6 13. Qc2 Qb6 14. Nc3 Nxc3 15. bxc3 Bf5 16. Be4 Bxe4 17. Rxe4 Rfe8 18. Rb1 Qc5 19. Be3 Qxc3 20. Qxc3 Bxc3 21. Rc4 Be5 22. Rb7 a5 23. Rxc6 a4 24. Bh6 a3 25. Rc5 Bg7 26. Be3 Rec8 27. Rd5 Rd8 28. Rxd8+ Rxd8 29. Ra7 Bb2 30. Bc5 Rd1+ 31. Kg2 Ra1 32. Ra8+ Kg7 33. Bxa3 Bxa3 34. Rxa3 h5 35. h4 Kf6 36. Ra5 Kg7 37. Kf3 Kf6 38. Kf4 Ke6 39. a3 1-0


[Site "https://www.chess.com"]

[Event "Titled Tuesday Blitz March 21 Early 2023"]
[White "ArtemDyachuk"]
[Black "Clawitter, Craig"]
[BlackFideId "2023105"]
[WhiteElo "2373"]
[BlackElo "2235"]
[Result "1-0"]
[Round "08"]
[TimeControl "180+2"]
[Date "2023.03.21"]
[WhiteClock "0:00:19"]
[BlackClock "0:00:35"]

1. Nf3 Nf6 2. c4 e6 3. Nc3 d5 4. cxd5 exd5 5. d4 c6 6. Bg5 Be7 7. Qc2 O-O 8. e3 Nbd7 9. Bd3 Re8 10. O-O Nf8 11. Rfe1 g6 12. Rab1 Ne6 13. Bh4 Ng7 14. Bg3 Bf5 15. b4 a6 16. a4 Bxd3 17. Qxd3 Nf5 18. a5 Nd6 19. Na4 Nc4 20. Ne5 Nxe5 21. Bxe5 Ne4 22. Nb6 f6 23. Nxa8 fxe5 24. Nb6 Bh4 25. g3 Ng5 26. e4 exd4 27. exd5 Rxe1+ 28. Rxe1 Qf6 29. dxc6 Nf3+ 30. Qxf3 Qxf3 31. c7 d3 32. c8=Q+ Kg7 33. gxh4 d2 34. Qd7+ Kh6 35. Qxd2+ Kh5 36. Qg5# 1-0


[Site "https://www.chess.com"]

[Event "Titled Tuesday Blitz March 21 Early 2023"]
[White "Ardila, Oscar Humberto"]
[Black "Fule, Simon"]
[WhiteFideId "4404742"]
[BlackFideId "787515"]
[WhiteElo "1911"]
[BlackElo "2370"]
[Result "0-1"]
[Round "08"]
[TimeControl "180+2"]
[Date "2023.03.21"]
[WhiteClock "0:01:03"]
[BlackClock "0:00:31"]

1. d4 Nf6 2. Nf3 g6 3. c4 Bg7 4. Nc3 O-O 5. e3 d6 6. Be2 Nc6 7. O-O e5 8. dxe5 dxe5 9. Qb3 Qe7 10. Rd1 Nd8 11. Nd5 Nxd5 12. cxd5 c6 13. d6 Qe8 14. Bc4 Be6 15. Ng5 Bxc4 16. Qxc4 Qd7 17. e4 h6 18. Nf3 Re8 19. Be3 b6 20. Rac1 Re6 21. Qb4 c5 22. Qd2 Nb7 23. Bxh6 Rxd6 24. Qe2 Bxh6 25. Rxd6 Qxd6 26. Rd1 Qe6 27. b3 Rd8 28. h3 Rxd1+ 29. Qxd1 Qd6 30. Qe2 Nd8 31. g4 Bf4 32. Kg2 Ne6 33. Qa6 Qd7 34. h4 Nd4 35. Nh2 Bxh2 36. Kxh2 Qxg4 37. Qxa7 Nf3+ 38. Kh1 Qg1# 0-1


[Site "https://www.chess.com"]

[Event "Titled Tuesday Blitz March 21 Early 2023"]
[White "Mirzanurov, Bulat"]
[Black "Blokhin, Sofia"]
[WhiteFideId "4184521"]
[BlackFideId "4508190"]
[WhiteElo "2019"]
[BlackElo "1994"]
[Result "0-1"]
[Round "08"]
[TimeControl "180+2"]
[Date "2023.03.21"]
[WhiteClock "0:01:51"]
[BlackClock "0:01:25"]

1. e4 c5 2. Nf3 e6 3. d4 cxd4 4. Nxd4 a6 5. Bd3 Qc7 6. O-O Nf6 7. c4 Nc6 8. Nc2 Ne5 9. b3 Nxd3 10. Qxd3 Ng4 11. g3 Qe5 12. Nc3 Qh5 13. h4 Be7 14. Ne3 Ne5 15. Qe2 Nf3+ 16. Kg2 Bf6 17. Bb2 Bxc3 18. Bxc3 Nxh4+ 0-1


[Site "https://www.chess.com"]

[Event "Titled Tuesday Blitz March 21 Early 2023"]
[White "Buscar, Michael"]
[Black "lisjakzlatko1"]
[WhiteFideId "2603616"]
[WhiteElo "2010"]
[BlackElo "2202"]
[Result "1-0"]
[Round "08"]
[TimeControl "180+2"]
[Date "2023.03.21"]
[WhiteClock "0:00:16"]
[BlackClock "0:00:04"]

1. d4 d6 2. c4 e5 3. dxe5 dxe5 4. Qxd8+ Kxd8 5. b3 c6 6. Bb2 f6 7. f3 Kc7 8. e4 Nh6 9. Ba3 Na6 10. Ne2 Bb4+ 11. Bxb4 Nxb4 12. Na3 Nd3+ 13. Kd2 Rd8 14. Ke3 Be6 15. Nc3 Nb4 16. Rc1 f5 17. Nd5+ Bxd5 18. cxd5 Rac8 19. Nc4 cxd5 20. Nxe5+ Kb8 21. Rxc8+ Kxc8 22. exf5 Nxf5+ 23. Kf4 Nd6 24. a3 Nc2 25. Bd3 Rf8+ 26. Kg3 Nd4 27. Bxh7 Nxb3 28. Rd1 d4 29. Bc2 Nf5+ 30. Bxf5+ Rxf5 31. f4 g5 32. Nd3 gxf4+ 33. Nxf4 Ra5 34. h4 Rxa3 35. h5 Nc5+ 36. Kg4 Nd7 37. Rxd4 Ra6 38. Kg5 Ne5 39. Re4 Nf7+ 40. Kh4 b5 41. g4 Rb6 42. Nd5 1-0


[Site "https://www.chess.com"]

[Event "Titled Tuesday Blitz March 21 Early 2023"]
[White "Manon-og, Ramon Jr."]
[Black "Kiseleva, Arina"]
[WhiteFideId "5200776"]
[BlackFideId "4164989"]
[WhiteElo "2328"]
[BlackElo "1756"]
[Result "1-0"]
[Round "08"]
[TimeControl "180+2"]
[Date "2023.03.21"]
[WhiteClock "0:01:53"]
[BlackClock "0:00:41"]

1. e4 c6 2. d4 d5 3. e5 Bf5 4. Nd2 e6 5. Nb3 a6 6. Nf3 h6 7. Be2 Ne7 8. O-O c5 9. Nxc5 Qc7 10. c3 Nec6 11. Nb3 Nd7 12. Bd3 Bxd3 13. Qxd3 Be7 14. Bf4 O-O 15. Bg3 b5 16. Rac1 Na5 17. Nxa5 Qxa5 18. a3 Qc7 19. Nh4 Nb6 20. f4 Nc4 21. Rf2 a5 22. f5 Bxh4 23. Bxh4 Rfc8 24. Rcf1 b4 25. fxe6 fxe6 26. Qg6 Ra7 27. Qxe6+ Kh8 28. g4 Ne3 29. Rf8+ Rxf8 30. Rxf8+ Kh7 31. Qg8+ Kg6 32. Rf6# 1-0


[Site "https://www.chess.com"]

[Event "Titled Tuesday Blitz March 21 Early 2023"]
[White "Kornyukov, Alexey"]
[Black "Korpics, Zsolt"]
[WhiteFideId "4150457"]
[BlackFideId "705241"]
[WhiteElo "2352"]
[BlackElo "2316"]
[Result "1/2-1/2"]
[Round "08"]
[TimeControl "180+2"]
[Date "2023.03.21"]
[WhiteClock "0:00:04"]
[BlackClock "0:00:11"]

1. e4 c5 2. Nf3 e6 3. c3 Nf6 4. e5 Nd5 5. d4 cxd4 6. cxd4 b6 7. Nc3 Nxc3 8. bxc3 Ba6 9. Bxa6 Nxa6 10. O-O Qc8 11. Qd3 Nc7 12. Bg5 Qa6 13. c4 d5 14. Rfc1 h6 15. Bh4 g5 16. Bg3 Bg7 17. Qe3 dxc4 18. Qe4 Nd5 19. Nd2 c3 20. Rxc3 O-O 21. Rc2 Rac8 22. h4 Nc3 23. Rxc3 Rxc3 24. hxg5 hxg5 25. Qg4 Qd3 26. Qxg5 Rc2 27. Nf3 Rfc8 28. Bf4 Qg6 29. Qh4 f6 30. exf6 Bxf6 31. Qh3 Qf5 32. Qg3+ Kf7 33. Ne5+ Bxe5 34. dxe5 Rg8 35. Qf3 Rc4 36. Qb7+ Kg6 37. Bg3 Kh6 38. Qe7 Rcg4 39. Rd1 Rxg3 40. fxg3 Qxe5 41. Qh4+ Qh5 42. Qf6+ Qg6 43. Qh4+ Qh5 44. Qf6+ Qg6 45. Qh4+ Qh5 1/2-1/2


[Site "https://www.chess.com"]

[Event "Titled Tuesday Blitz March 21 Early 2023"]
[White "Friedel, Tom"]
[Black "Torres Dominguez, David"]
[WhiteFideId "2002108"]
[BlackFideId "2220857"]
[WhiteElo "2311"]
[BlackElo "1999"]
[Result "0-1"]
[Round "08"]
[TimeControl "180+2"]
[Date "2023.03.21"]
[WhiteClock "0:00:05"]
[BlackClock "0:00:26"]

1. e4 e5 2. Nf3 Nc6 3. Bc4 Bc5 4. O-O Nf6 5. d3 d6 6. Be3 Bb6 7. Nbd2 O-O 8. a3 Ne7 9. Bxb6 axb6 10. d4 Ng6 11. Re1 Bd7 12. Nf1 Qe7 13. Ng3 Nf4 14. Qd2 Rfe8 15. dxe5 dxe5 16. Rad1 Rad8 17. Qc3 h6 18. h3 c6 19. Rd2 b5 20. Bb3 c5 21. Nf5 Bxf5 22. exf5 c4 23. Ba2 Rxd2 24. Qxd2 Qc7 25. a4 bxa4 26. Qb4 e4 27. Nd4 Rc8 28. Nb5 Qc5 29. Qxc5 Rxc5 30. Nd6 b5 31. Nxe4 Nxe4 32. Rxe4 Nd5 33. c3 a3 34. Re8+ Kh7 35. bxa3 Nxc3 36. Re7 Nxa2 37. Rxf7 Kg8 38. Ra7 c3 39. g4 c2 40. g5 c1=Q+ 41. Kg2 Qxg5+ 0-1


[Site "https://www.chess.com"]

[Event "Titled Tuesday Blitz March 21 Early 2023"]
[White "Palacio,Igor Da Paz"]
[Black "Piesik, Piotr"]
[WhiteFideId "2121140"]
[BlackFideId "1136194"]
[WhiteElo "2126"]
[BlackElo "2311"]
[Result "0-1"]
[Round "08"]
[TimeControl "180+2"]
[Date "2023.03.21"]
[WhiteClock "0:00:01"]
[BlackClock "0:00:50"]

1. e4 g6 2. Nc3 Bg7 3. Nf3 c6 4. g3 d5 5. Bg2 d4 6. Nb1 c5 7. d3 Nc6 8. O-O e5 9. Nbd2 Nge7 10. a4 O-O 11. Nc4 b6 12. Ne1 Rb8 13. f4 a6 14. Nf3 exf4 15. Bxf4 Rb7 16. Nd6 Ra7 17. Nxc8 Qxc8 18. h3 h6 19. Kh2 Qe6 20. Qe2 Rfa8 21. Qf2 b5 22. g4 c4 23. Bg3 Nc8 24. Rae1 cxd3 25. cxd3 bxa4 26. Ra1 Nb6 27. Rfc1 Rc8 28. Nd2 Ne5 29. Qe2 Rac7 30. Rxc7 Rxc7 31. Qd1 Qc6 32. Nf3 Qc5 33. Kh1 Rc8 34. Nxe5 Bxe5 35. Bf2 Qc2 36. Be1 Qxd1 37. Rxd1 Rc2 38. Rb1 Nd7 39. Kg1 Nc5 40. Bf1 Bf4 41. Bb4 Be3+ 42. Kh1 Ne6 43. Bd6 Bf4 44. Be7 Kg7 45. Ra1 Rh2+ 46. Kg1 Rxb2 47. Rxa4 Be3+ 48. Kh1 Rb1 0-1


[Site "https://www.chess.com"]

[Event "Titled Tuesday Blitz March 21 Early 2023"]
[White "Sabar, Ethmane Daouda"]
[Black "Vivas Zamora, Fabian Ernesto"]
[WhiteFideId "19600097"]
[BlackFideId "3902480"]
[WhiteElo "1950"]
[BlackElo "2262"]
[Result "0-1"]
[Round "08"]
[TimeControl "180+2"]
[Date "2023.03.21"]
[WhiteClock "0:00:19"]
[BlackClock "0:02:36"]

1. e4 e5 2. Bc4 Nf6 3. d4 exd4 4. Nf3 Nc6 5. O-O Nxe4 6. Re1 d5 7. Bxd5 Qxd5 8. Nc3 Qd7 9. Nxe4 Be7 10. Bg5 O-O 11. Bxe7 Qxe7 12. Nxd4 Bd7 13. Nxc6 Bxc6 14. Ng3 Qb4 15. b3 Rad8 16. Qg4 Qxg4 0-1


[Site "https://www.chess.com"]